 Dungeon Crawl Stone Soup version 0.31-a0-117-g42d8f58691 (webtiles) character file.

Game seed: 4962643500594735965

1463 porpoise the Cleaver (level 8, 73/73 HPs)
             Began as a Hill Orc Fighter on May 31, 2023.
             Was a Follower of Dithmenos.
             Quit the game on level 6 of the Dungeon.
             The game lasted 00:14:27 (4797 turns).

porpoise the Cleaver (Hill Orc Fighter)             Turns: 4797, Time: 00:14:28

Health: 73/73      AC:  8    Str: 21    XL:     8   Next: 77%
Magic:  11/11      EV:  9    Int:  8    God:    Dithmenos [*.....]
Gold:   310        SH:  5    Dex: 10    Spells: 5/7 levels left

rFire   + . .        a - +0 war axe
rCold   . . .        c - +0 buckler
rNeg    . . .        J - +0 scale mail
rPois   .            (no helmet)
rElec   .            K - +0 cloak
rCorr   .            (no gloves)
SInv    .            (no boots)
Will    .....        j - amulet of regeneration
Stlth   x              - ring of protection from fire
HPRegen 1.12/turn    (no ring)
MPRegen 0.12/turn

%: no passive effects
@: wreathed by umbra
A: no striking features
a: Renounce Religion


You were on level 6 of the Dungeon.
You worshipped Dithmenos.
Dithmenos was aware of your devotion.
You visited 2 branches of the dungeon, and saw 7 of its levels.

You collected 310 gold pieces.

Inventory:

Hand Weapons
 a - a +0 war axe (weapon)
 b - a +0 morningstar
Missiles
 i - 5 curare-tipped darts
 l - 12 poisoned darts (quivered)
 o - 2 silver boomerangs
 y - 8 boomerangs
 H - a throwing net
Armour
 c - a +0 buckler (worn)
 v - an orb of mayhem
 J - a +0 scale mail (worn)
 K - a +0 cloak (worn)
Jewellery
 j - an amulet of regeneration (around neck)
 p - a +6 ring of intelligence
 x - a ring of protection from fire (left hand)
 F - a ring of protection from fire
Wands
 C - a wand of flame (17)
Scrolls
 e - a scroll of immolation {unknown}
 g - a scroll of summoning {unknown}
 k - 3 scrolls of fog {unknown}
 m - 2 scrolls of enchant weapon {unknown}
 q - 3 scrolls of teleportation {unknown}
 t - a scroll of acquirement {unknown}
 u - a scroll of vulnerability {unknown}
 z - a scroll of fear {unknown}
 A - 2 scrolls of identify
 D - a scroll of silence {unknown}
 E - a scroll of poison {unknown}
Potions
 d - a potion of might
 f - a potion of heal wounds
 h - 2 potions of curing
 n - a potion of resistance
 r - 2 potions of ambrosia
 s - 2 potions of berserk rage
 w - a potion of haste
 B - 3 potions of enlightenment {unknown}
 G - a potion of cancellation {unknown}
 I - a potion of invisibility {unknown}


   Skills:
 + Level 7.3 Fighting
 * Level 10.1 Axes
 - Level 3.2 Armour
 - Level 5.0 Shields
 - Level 5.0 Invocations


You had 5 spell levels left.
You knew the following spells:

 Your Spells              Type           Power      Damage    Failure   Level
w - Wereblood             Tmut           0%         N/A       91%         2

Your spell library contained the following spells:

 Spells                   Type           Power      Damage    Failure   Level
 Beastly Appendage        Tmut           0%         N/A       82%         1
 Lesser Beckoning         Tloc           0%         N/A       91%         2
 Gell's Gravitas          Tloc           0%         N/A       99%         3
 Ozocubu's Armour         Ice            0%         N/A       99%         3
 Spider Form              Tmut/Pois      0%         N/A       99%         3
 Teleport Other           Tloc           0%         N/A       99%         3
 Ozocubu's Refrigeration  Ice            0%         4d7       100%        7


Dungeon Overview and Level Annotations

Branches:
Dungeon (6/15)             Temple (1/1) D:4

Altars:
Ashenzari
Cheibriados
Dithmenos
Elyvilon
Fedhas
Gozag
Kikubaaqudgha
Makhleb
Sif Muna
Trog
Uskayaw
Vehumet
Wu Jian
Zin
The Shining One


Message History

Found a ring mail.
A scorpion comes into view.
Throw: 12 darts (poison)
Press: ? - help, Q - select action, (/) - cycle Shift-Dir - straight line, f - scorpion
Aim: a scorpion (59% to hit)
You throw a poisoned dart.
The poisoned dart closely misses the scorpion.
Unknown command.
Throw: 11 darts (poison)
Press: ? - help, Q - select action, (/) - cycle Shift-Dir - straight line, f/p - scorpion
Aim: a scorpion (59% to hit)
You throw a poisoned dart.
The poisoned dart closely misses the scorpion.
Unknown command.
Throw: 10 darts (poison)
Press: ? - help, Q - select action, (/) - cycle Shift-Dir - straight line, f/p - scorpion
Aim: a scorpion (59% to hit)
You throw a poisoned dart.
The poisoned dart barely misses the scorpion.
You slash the scorpion!
The scorpion is severely wounded.
You block the scorpion's attack.
You slash the scorpion!
You kill the scorpion!
Dithmenos accepts your kill.
You are shrouded in an aura of darkness!
Your Axes skill increases to level 10!
You start waiting.
Done waiting.
You see here a +0 ring mail.
l - 10 poisoned darts (gained 1)
l - 11 poisoned darts (gained 1)
l - 12 poisoned darts (gained 1)
s - 2 potions of berserk rage (gained 1)
You see here 4 stones.
There is a stone staircase leading up here.
There is a stone staircase leading up here.
You see here 4 stones.
I - a cyan potion Are you sure you want to abandon this character and quit the game? (Confirm with "yes".)

#.......### ###
#.#......##
#.#####..........
##....#.#.......##
#..##..........###
#..####........#
#..# #.......#.##
#.## #.#......#.##
#@.# #........#...
#######.[.........
#......###......
#..##....#.......
.................
#############.#####
#...........#.#....
#.####.####.#.#.###
#.#....#.#....


There were no monsters in sight!

Vanquished Creatures
  Pikel (D:5)
  2 water moccasins
  An ice beast (D:4)
  An ogre (D:5)
  A lemure (D:5)
  3 phantoms
  A scorpion (D:6)
  2 hounds
  An orc priest (D:6)
  Crazy Yiuf (D:6)
  A sleepcap (D:3)
  An iguana (D:4)
  An orc wizard (D:6)
  7 gnolls (D:5)
  4 adders
  3 worms
  2 dart slugs
  11 orcs
  6 ball pythons
  4 endoplasms
  4 giant cockroaches
  12 goblins
  4 jackals (D:3)
  3 quokkas
  3 bats
  4 frilled lizards
  4 kobolds
  4 rats
92 creatures vanquished.

Notes
Turn   | Place    | Note
-------+----------+-------------------------------------------
     0 | D:1      | porpoise the Hill Orc Fighter began the quest for the Orb.
     0 | D:1      | Reached XP level 1. HP: 19/19 MP: 1/1
   127 | D:1      | Reached skill level 3 in Axes
   154 | D:1      | Reached XP level 2. HP: 27/27 MP: 2/2
   501 | D:1      | Found a faded altar of an unknown god.
   809 | D:2      | Reached skill level 4 in Axes
   809 | D:2      | Reached XP level 3. HP: 31/33 MP: 3/3
   840 | D:2      | Learned a level 2 spell: Wereblood
  1186 | D:3      | Reached XP level 4. HP: 24/41 MP: 4/4
  1599 | D:3      | Reached skill level 5 in Axes
  1976 | D:3      | Reached XP level 5. HP: 47/47 MP: 5/5
  1981 | D:3      | Found an ancient bone altar of Kikubaaqudgha.
  2192 | D:4      | Noticed an ice beast
  2207 | D:4      | Killed an ice beast
  2208 | D:4      | Reached skill level 5 in Fighting
  2208 | D:4      | Reached skill level 6 in Axes
  2208 | D:4      | Reached XP level 6. HP: 34/56 MP: 6/6
  2627 | D:4      | Found a staircase to the Ecumenical Temple.
  2641 | Temple   | Entered the Ecumenical Temple
  2641 | Temple   | Found a transporter.
  2641 | Temple   | Found a transporter.
  2643 | Temple   | Found a transporter.
  2643 | Temple   | Found a transporter.
  2683 | Temple   | Became a worshipper of Dithmenos the Shadowed
  2948 | D:5      | Entered Level 5 of the Dungeon
  2976 | D:5      | Reached skill level 1 in Invocations
  3099 | D:5      | Reached skill level 7 in Axes
  3099 | D:5      | Reached skill level 5 in Shields
  3099 | D:5      | Reached XP level 7. HP: 59/61 MP: 6/8
  3278 | D:5      | Found a radiant altar of Vehumet.
  3596 | D:5      | Reached skill level 8 in Axes
  3820 | D:6      | Noticed Pikel
  3842 | D:5      | Killed Pikel
  3843 | D:5      | Reached skill level 9 in Axes
  3843 | D:5      | Reached XP level 8. HP: 43/71 MP: 9/11
  3944 | D:6      | Found a runed translucent door.
  3945 | D:6      | Noticed Crazy Yiuf
  3950 | D:6      | Killed Crazy Yiuf
  4205 | D:6      | Reached skill level 5 in Invocations
  4529 | D:6      | Reached * piety under Dithmenos
  4530 | D:6      | Reached skill level 10 in Axes
  4797 | D:6      | Quit the game

Illustrated notes

Levels and vault maps discovered:
D:1:      ncdulo_watergridlock, layout_basic,
          shapermc_ecumenical_altar_notcrosses, minivault_14, interstate_on_off
D:2:      layout_rooms
D:3:      layout_loops_ring, lemuel_coloured_pillars_altar,
          dreamdust_princess_bridge
D:4:      layout_loops_ring, minmay_temple_entry_waves,
          chequers_serial_rivers_small_a
D:5:      layout_basic, vehumet_altar_wand_db
D:6:      layout_layer_cave, roderic_lattice_a, kennysheep_cross_bottleneck,
          uniq_edmund, uniq_crazy_yiuf_cottage, uniq_pikel
Temple:   hellmonk_temple_divided_pantheon

Skill      XL: |  1  2  3  4  5  6  7  8 |
---------------+-------------------------+-----
Axes           | 3 4 5 6 7 9 10 | 10.1
Fighting       | 4 5 6 7 |  7.3
Shields        | 4 5 |  5.0
Invocations    | 1 4 5 |  5.0
Armour         | |  3.2

Action                     |  1- 3 |  4- 6 |  7- 9 || total
---------------------------+-------+-------+-------++-------
  Melee: War axe           |    69 |   132 |    96 ||   297
  Throw: Dart              |       |       |     3 ||     3
    Use: Scroll            |       |     6 |       ||     6
 Armour: Scale mail        |    27 |    48 |    15 ||    90
  Dodge: Dodged            |    26 |    44 |    43 ||   113
  Block: Buckler           |    19 |    15 |    19 ||    53

Table legend: (Time is in decaauts)
 A = Elapsed time spent in this place.
 B = Non-inter-level travel time spent in this place.
 C = Inter-level travel time spent in this place.
 D = Time resting spent in this place.
 E = Time spent auto-exploring this place.
 F = Levels seen in this place.
 G = Mean time per level.
                   A        B        C        D        E       F      G
               +--------+--------+--------+--------+--------+-----+--------+
         Total |   4868 |   4740 |    128 |    542 |   3365 |   7 |  695.4 |
       Dungeon |   4807 |   4679 |    128 |    542 |   3363 |   6 |  801.2 |
        Temple |     60 |     60 |      0 |      0 |      2 |   1 |   60.0 |
               +--------+--------+--------+--------+--------+-----+--------+

Top non-repeatable levels by time:
     D:3: 1057 daAuts
     D:6: 953 daAuts
     D:5: 913 daAuts
     D:1: 739 daAuts
     D:4: 724 daAuts
     D:2: 418 daAuts
  Temple: 60 daAuts
